 Dungeon Crawl Stone Soup version 0.27.1-34-g3ba077fa99 (webtiles) character file.

Game seed: 3701628411988013569

8194 ticklebelly the Fighter (level 11, -1/105 HPs)
             Began as a Minotaur Berserker on Jan 7, 2022.
             Was an Elder of Trog.
             Slain by a gnoll (4 damage)
             ... on level 9 of the Dungeon.
             The game lasted 00:20:36 (10986 turns).

ticklebelly the Fighter (Minotaur Berserker)       Turns: 10986, Time: 00:20:36

Health: -1/105     AC: 18    Str: 24    XL:     11   Next: 6%
Magic:  10/10      EV:  8    Int:  4    God:    Trog [****..]
Gold:   713        SH: 11    Dex: 11    Spells: 10/10 levels left

rFire    . . .     SeeInvis .   E - +2 morningstar (vorpal)
rCold    . . .     Faith    .   w - +2 buckler
rNeg     . . .     Spirit   .   F - +0 plate armour
rPois    +         Reflect  +   l - +1 hat
rElec    .         Harm     .   (no cloak)
rCorr    .         Rampage  .   h - +0 pair of gloves
Will     ++...                  B - +0 pair of boots
Stlth    ..........             p - amulet of reflection
HPRegen  1.27/turn              c - ring of poison resistance
MPRegen  0.12/turn              (no ring)

@: strong-willed, on berserk cooldown, regenerating, slowed, studying Short
Blades, very slow
A: horns 2, retaliatory headbutt
a: Renounce Religion, Berserk, Trog's Hand, Brothers in Arms


You were on level 9 of the Dungeon.
You worshipped Trog.
Trog was greatly pleased with you.
You visited 1 branch of the dungeon, and saw 9 of its levels.
You also visited: Sewer.

You collected 713 gold pieces.

Inventory:

Hand Weapons
 e - a +0 war axe
 E - a +2 vorpal morningstar (weapon)
Missiles
 y - 2 throwing nets (quivered)
 C - 11 boomerangs
 D - 4 silver boomerangs
Armour
 h - a +0 pair of gloves (worn)
 l - a +1 hat (worn)
 w - a +2 buckler (worn)
 B - a +0 pair of boots (worn)
 F - a +0 plate armour (worn)
Jewellery
 c - a ring of poison resistance (left hand)
 f - an amulet of magic regeneration
 p - an amulet of reflection (around neck)
Wands
 A - a wand of charming (7)
 G - a wand of polymorph (3)
 H - a wand of acid (5)
Scrolls
 a - 4 scrolls of amnesia {unknown}
 b - a scroll of fear {unknown}
 i - a scroll of enchant weapon {unknown}
 k - 3 scrolls of immolation {unknown}
 n - 11 scrolls of identify {unknown}
 r - a scroll of torment {unknown}
 u - 4 scrolls of teleportation
 x - a scroll of magic mapping {unknown}
Potions
 d - 2 potions of curing {unknown}
 g - 2 potions of attraction {unknown}
 j - 4 potions of might {unknown}
 m - a potion of lignification {unknown}
 o - 2 potions of brilliance {unknown}
 q - 3 potions of resistance {unknown}
 s - a potion of mutation {unknown}
 t - 2 potions of degeneration {unknown}
 v - 4 potions of flight
 z - a potion of haste {unknown}


   Skills:
 + Level 12.4 Fighting
 + Level 12.3 Axes
 + Level 10.6 Armour
 - Level 2.1 Dodging
 - Level 4.0 Shields


You had 10 spell levels left.
You didn't know any spells.
Your spell library was empty.

Dungeon Overview and Level Annotations

Branches:
Dungeon (9/15)             Temple (0/1) D:5           Sewer (visited)
   Lair: D:8-11         Orc: D:9-12

Altars:
Fedhas
Hepliaklqana
Okawaru
Qazlal
Ru
Vehumet
Yredelemnul


Innate Abilities, Weirdness & Mutations

You have a pair of horns on your head.
You reflexively headbutt those who attack you in melee.


Message History

The kobold brigand hits you but does no damage.
The troll bites your ogre. The troll barely misses your ogre.
The troll claws your ogre but does no damage.
The orc wizard hits you but does no damage.
The orc priest hits your ogre with a +0 falchion.
You block the kobold brigand's attack. The troll bites your ogre!
The troll claws your ogre! The troll barely misses your ogre.
Your ogre barely misses the troll.
Your skin crawls.
You feel strong-willed.
The gnoll shaman barely misses your ogre.
The orc wizard hits you but does no damage.
The orc priest hits your ogre with a +0 falchion.
Your ogre hits the orc priest with a +0 giant spiked club!!!
The orc priest dies!
Trog accepts your kill.
The kobold brigand completely misses you.
You furiously retaliate!
You headbutt the kobold brigand! The troll bites your ogre!
Your ogre dies!
Your ogre's corpse disappears in a puff of smoke!
You block the orc wizard's attack.
Your skin crawls.
You feel strong-willed. You block the gnoll's attack.
The kobold brigand hits you with a +0 club.
* * * LOW HITPOINT WARNING * * *
The orc wizard casts a spell at you. You resist with almost no effort.
The gnoll hits you but does no damage. You block the gnoll's attack.
The kobold brigand hits you but does no damage.
The gnoll shaman hits you but does no damage.
The orc wizard hits you but does no damage.
The gnoll shaman hits you with a +0 whip.
* * * LOW HITPOINT WARNING * * *
You block the gnoll's attack.
The gnoll shaman hits you with a +0 whip.
* * * LOW HITPOINT WARNING * * *
The gnoll hits you with a +0 flail.
You die...

≈≈≈≈≈.♣≈♣≈≈...≈≈....≈≈≈≈
≈...≈.........≈≈≈≈≈≈≈≈≈≈
...≈..........≈.≈≈≈≈≈≈≈≈
..........)....≈..≈≈≈≈≈≈
.=.......)).......≈≈≈≈≈
........).........≈≈≈≈≈
####To.K†.........≈≈≈≈
#.ggg)))).####.
#.@.####..# #[†.# #..#
......# #..# ?.......#
#..# .......... ....
........... .....
...⌠.(..... .....
.........#+##.....


You could see a troll, a kobold brigand, a gnoll shaman, an orc wizard and 2
gnolls.

Vanquished Creatures
  2 two-headed ogres
  A cyclops (D:7)
  A merfolk (D:9)
  Prince Ribbit (D:6)
  2 shadows
  Sigmund (D:3)
  2 hogs (D:9)
  A yak (D:9)
  A steam dragon (D:7)
  2 vampire mosquitoes (D:7)
  A water moccasin (D:7)
  A sky beast (D:5)
  A hornet zombie (D:8)
  2 ice beasts
  2 black bears (D:9)
  4 orc warriors
  A blink frog zombie (D:9)
  3 ogres
  4 centaurs
  4 phantoms
  8 bullfrogs
  A wyvern zombie (D:5)
  4 scorpions
  A wyvern skeleton (D:6)
  A howler monkey (D:7)
  6 wights
  5 electric eels
  A centaur zombie (D:6)
  4 hounds
  4 gnoll shamans
  5 orc priests
  Crazy Yiuf (D:6)
  A bullfrog skeleton (D:6)
  2 jellies
  2 iguanas
  4 orc wizards
  A merfolk siren (Sewer)
  Terence (D:3)
  A merfolk avatar (Sewer)
  A killer bee zombie (D:7)
  A hound skeleton (D:4)
  A howler monkey zombie (D:9)
  9 adders
  18 gnolls
  4 river rats (Sewer)
  A shadow imp (D:5)
  2 white imps (D:7)
  An ufetubus (D:5)
  An adder skeleton (D:4)
  4 worms
  31 orcs
  7 ball pythons
  4 bats
  9 endoplasms
  7 giant cockroaches
  8 goblins
  12 hobgoblins
  3 jackals (D:4)
  10 kobolds
  3 quokkas
  5 frilled lizards
  26 rats
258 creatures vanquished.

Vanquished Creatures (collateral kills)
  A troll (D:9)
  2 black bears (D:9)
  A bullfrog (D:9)
  An orc priest (D:9)
5 creatures vanquished.

Vanquished Creatures (others)
  An orc (D:7)
  3 fungi (D:4)
  56 plants (D:9)
  3 toadstools (D:4)
63 creatures vanquished.

Grand Total: 326 creatures vanquished

Notes
Turn   | Place    | Note
-------+----------+-------------------------------------------
     0 | D:1      | ticklebelly the Minotaur Berserker began the quest for the
                  | Orb.
     0 | D:1      | Reached XP level 1. HP: 19/19 MP: 0/0
   178 | D:1      | Reached XP level 2. HP: 25/27 MP: 1/1
   378 | D:1      | Found a faded altar of an unknown god.
   463 | D:1      | Reached ** piety under Trog
   643 | D:1      | Reached XP level 3. HP: 34/34 MP: 2/2
   836 | D:2      | Noticed an ogre
   844 | D:2      | Killed an ogre
   845 | D:2      | Reached skill level 5 in Fighting
   845 | D:2      | Reached skill level 5 in Axes
   845 | D:2      | Reached XP level 4. HP: 42/42 MP: 3/3
  1066 | D:2      | Found a radiant altar of Vehumet.
  1164 | D:2      | Reached XP level 5. HP: 48/48 MP: 4/4
  1262 | D:2      | You fall into a shaft and drop 2 floors!
  1396 | D:4      | Noticed a phantom
  1405 | D:4      | Killed a phantom
  1406 | D:4      | Reached XP level 6. HP: 37/57 MP: 5/5
  1919 | D:3      | Noticed Terence
  1926 | D:3      | Killed Terence
  2357 | D:3      | Noticed Sigmund
  2378 | D:3      | Killed Sigmund
  2379 | D:3      | Reached skill level 1 in Shields
  2677 | D:3      | Reached XP level 7. HP: 64/64 MP: 6/6
  3070 | D:4      | Found a stormy altar of Qazlal.
  3110 | D:4      | Reached *** piety under Trog
  3201 | D:4      | Found a blossoming altar of Fedhas.
  3377 | D:5      | Entered Level 5 of the Dungeon
  3377 | D:5      | Found a staircase to the Ecumenical Temple.
  3434 | D:5      | Reached skill level 5 in Armour
  3644 | D:5      | Found a glowing drain.
  3660 | Sewer    | Entered a sewer
  3823 | Sewer    | Reached **** piety under Trog
  3862 | Sewer    | Reached XP level 8. HP: 72/73 MP: 7/7
  4350 | D:5      | Found a basalt altar of Yredelemnul.
  5286 | D:6      | Found an iron altar of Okawaru.
  5469 | D:6      | Found a sacrificial altar of Ru.
  5469 | D:6      | Found a radiant altar of Vehumet.
  5566 | D:6      | Found a runed translucent door.
  5567 | D:6      | Noticed Crazy Yiuf
  5572 | D:6      | Killed Crazy Yiuf
  5823 | D:6      | Reached XP level 9. HP: 74/83 MP: 8/8
  5915 | D:6      | Noticed Prince Ribbit
  5927 | D:6      | Killed Prince Ribbit
  6482 | D:7      | Reached skill level 10 in Fighting
  6503 | D:7      | Reached skill level 10 in Axes
  6738 | D:7      | Found a hazy altar of Hepliaklqana.
  6977 | D:7      | Noticed a cyclops
  7257 | D:7      | HP: 1/85 [electric eel/bolt of electricity (6)]
  7674 | D:7      | Killed a cyclops
  8385 | D:7      | Reached XP level 10. HP: 87/94 MP: 9/9
  8387 | D:7      | Reached ***** piety under Trog
  8859 | D:8      | Noticed a two-headed ogre
  8871 | D:8      | Killed a two-headed ogre
 10116 | D:9      | Noticed a two-headed ogre
 10129 | D:9      | Killed a two-headed ogre
 10130 | D:9      | Reached skill level 10 in Armour
 10961 | D:9      | Reached XP level 11. HP: 104/104 MP: 10/10
 10981 | D:9      | HP: 3/105 [troll (5)]
 10986 | D:9      | HP: 3/105 [gnoll shaman (3)]
 10986 | D:9      | Slain by a gnoll

Illustrated notes

Levels and vault maps discovered:
D:1:      dpeg_arrival_stone_temple_mockup, layout_basic,
          ebering_ecumenical_altar_box, serial_corexii_hall,
          chequers_hall_statues_y, corexii_hall_statues_i
D:2:      layout_loops_ring, basic_altar, minmay_crystal_water
D:3:      layout_basic, minmay_goblin_kobold_house, uniq_terence, uniq_sigmund
D:4:      layout_gridville, mainiacjoe_overflow_alcove_1,
          mainiacjoe_overflow_alcove_4, minivault_14, minmay_gold_behind_fungi
D:5:      layout_gridville, lemuel_crystal_altar,
          minmay_temple_entry_stoned_glass, portal_sewer_entry_a
D:6:      layout_loops_ring, gammafunk_temple_overflow_elements,
          lemuel_coloured_pillars_altar, uniq_crazy_yiuf_cottage,
          uniq_prince_ribbit1
D:7:      kennysheep_big_flooded_room, layout_basic, kennysheep_mini,
          minmay_misc_feat_secret_circle, grunt_ministairs_12,
          minmay_manual_mail
D:8:      layout_basic
D:9:      kennysheep_town

Skill      XL: |  1  2  3  4  5  6  7  8  9 10 |
---------------+-------------------------------+-----
Fighting       | 4 5 6 7 9 10 12 | 12.4
Axes           | 4 5 6 7 8 10 12 | 12.3
Armour         | 3 4 5 7 8 10 | 10.6
Shields        | 1 3 4 |  4.0
Dodging        | |  2.1

Action                   |  1- 3 |  4- 6 |  7- 9 | 10-12 || total
-------------------------+-------+-------+-------+-------++-------
Melee: Hand axe          |    59 |     9 |       |       ||    68
       Headbutt          |    10 |     8 |    67 |    36 ||   121
       War axe           |       |    66 |   333 |       ||   399
       Morningstar       |       |       |    29 |   181 ||   210
       Unarmed           |       |       |       |     4 ||     4
Invok: Berserk           |     1 |       |     1 |     2 ||     4
       Trog's Hand       |       |       |       |     3 ||     3
       Brothers in Arms  |       |       |       |     3 ||     3
Armor: Animal skin       |     6 |       |       |       ||     6
       Scale mail        |    28 |    13 |       |       ||    41
       Chain mail        |       |    12 |   113 |       ||   125
       Plate armour      |       |       |     5 |   136 ||   141
       Skin              |       |       |       |     1 ||     1
Dodge: Dodged            |    26 |    29 |   101 |   104 ||   260
Block: Buckler           |       |     4 |   163 |   157 ||   324
       Reflection        |       |       |     7 |     5 ||    12
       Other             |       |       |       |     2 ||     2
